 Dungeon Crawl Stone Soup version 0.28-a0-883-gc8d7bad45d (webtiles) character file.

Game seed: 3557406585672395093

122381 Zonian the Covert (level 16, -2/113 HPs)
             Began as a Demonspawn Venom Mage on Nov 21, 2021.
             Was a High Priest of Vehumet.
             Slain by a ghost moth (5 damage)
             ... on level 2 of the Spider Nest.
             The game lasted 02:24:47 (41061 turns).

Zonian the Covert (Demonspawn Venom Mage)          Turns: 41061, Time: 02:24:49

Health: -2/113     AC:  0    Str: 13    XL:     16   Next: 34%
Magic:  4/30       EV: 15    Int: 21    God:    Vehumet [*****.]
Gold:   758        SH:  0    Dex: 19    Spells: 4/35 levels left

rFire   + + .      SeeInvis .   s - +9 quick blade (chaos)
rCold   + + +      Faith    .   d - +3 buckler {AC+3}
rNeg    + . .      Spirit   .   t - +2 robe of Vines {NoPotionHeal Regen+++}
rPois   +          Reflect  .   P - +2 helmet
rElec   .          Harm     .   N - scarf {rC+ rF+}
rCorr   .          Rampage  +   f - +2 pair of gloves {Stlth+}
Will    +....                   F - +2 pair of boots {rampage}
Stlth   +++.......              Y - amulet of Dajaroyq {RegenMP Contam rPois rF+ rC++}
HPRegen 4.28/turn               z - ring "Lazol" {rN+ Str+3 Dex+4}
MPRegen 0.47/turn               K - +4 ring of slaying

@: confused, ambrosia-drunk, corroded
A: ignite blood 2, powered by death 1, sharp scales 3, weakness stinger 2
a: Renounce Religion


You were on level 2 of the Spider Nest.
You worshipped Vehumet.
Vehumet was extremely pleased with you.
You visited 5 branches of the dungeon, and saw 26 of its levels.
You also visited: Ossuary and Bailey.

You collected 3104 gold pieces.
You spent 2346 gold pieces at shops.

Inventory:

Hand Weapons
 i - a +0 hunting sling
 m - a +2 scimitar of flaming
 s - a +9 quick blade of chaos (weapon)
 w - the +5 rapier of Beogh's Supremacy {drain, rF+ Int-3 Dex+4 Stlth+}
   (You found it on level 10 of the Dungeon)

   A truly terrible weapon, it drains the life of any living foe it strikes.
   Int:       It affects your intelligence (-3).
   Dex:       It affects your dexterity (+4).
   rF:        It protects you from fire.
   Stlth:     It makes you more stealthy.
 J - the +1 falchion of Compound Interest {vorpal, rElec rN+ SInv}
   (You bought it in a shop on level 2 of the Orcish Mines)

   It inflicts extra damage upon your enemies.
   rElec:     It insulates you from electricity.
   rN:        It protects you from negative energy.
   SInv:      It lets you see invisible.
Missiles
 e - 5 curare-tipped darts
 l - 115 sling bullets
 n - 26 boomerangs
 v - a throwing net
 U - 4 silver javelins
Armour
 d - a +3 buckler of protection (worn)
 f - a +2 pair of gloves of stealth (worn)
 t - the +2 robe of Vines (worn) {NoPotionHeal Regen+++}
   (You found it on level 15 of the Dungeon)

   Its wearer cannot be healed by potions.
   Regen:     It increases your rate of health regeneration.
 A - the +1 leather armour "Vonaxis" {rElec rF+ Regen+}
   (You bought it in a shop on level 2 of the Dungeon)

   rF:        It protects you from fire.
   rElec:     It insulates you from electricity.
   Regen:     It increases your rate of health regeneration.
 F - a +2 pair of boots of rampaging (worn)
 N - a scarf of resistance (worn)
 P - a +2 helmet (worn)
Magical Staves
 V - a staff of conjuration
Jewellery
 x - a ring of see invisible
 z - the ring "Lazol" (left hand) {rN+ Str+3 Dex+4}
   (You found it on level 5 of the Dungeon)

   [ring of positive energy]

   Str:       It affects your strength (+3).
   Dex:       It affects your dexterity (+4).
   rN:        It protects you from negative energy.
 G - a ring of willpower
 K - a +4 ring of slaying (right hand)
 O - a ring of fire
 Y - the amulet of Dajaroyq (around neck) {RegenMP Contam rPois rF+ rC++}
   (You bought it in a shop on level 2 of the Dungeon)

   [amulet of magic regeneration]

   It increases your rate of magic regeneration.
   rF:        It protects you from fire.
   rC:        It greatly protects you from cold.
   rPois:     It protects you from poison.
   Contam:    It causes magical contamination when unequipped.
Wands
 a - a wand of digging (17)
 p - a wand of polymorph (17)
 C - a wand of flame (9)
 Q - a wand of iceblast (16)
 T - a wand of paralysis (11)
Scrolls
 q - 4 scrolls of amnesia
 y - a scroll of silence
 D - a scroll of enchant armour
 H - 4 scrolls of magic mapping
 M - 3 scrolls of fog
 R - 9 scrolls of teleportation
 Z - 7 scrolls of identify
Potions
 c - 3 potions of brilliance
 h - 2 potions of lignification
 j - 2 potions of berserk rage
 k - 4 potions of invisibility
 o - 6 potions of might
 r - a potion of heal wounds
 u - a potion of ambrosia
 B - 8 potions of curing
 E - 5 potions of attraction
 I - 3 potions of haste
 L - 2 potions of flight
Miscellaneous
 b - a box of beasts
 g - a tin of tremorstones (2/2)
 S - a phantom mirror
 W - a condenser vane


   Skills:
 + Level 6.7 Fighting
 - Level 7.8 Short Blades
 - Level 4.4 Armour
 + Level 6.2 Dodging
 * Level 12.2 Stealth
 + Level 3.2 Shields
 + Level 10.1 Spellcasting
 * Level 10.6 Conjurations
 * Level 6.2 Translocations
 * Level 8.0 Transmutations
 - Level 4.8 Fire Magic
 * Level 7.5 Ice Magic
 - Level 7.8 Air Magic
 + Level 9.0 Poison Magic
 + Level 1.1 Evocations


You had 4 spell levels left.
You knew the following spells:

 Your Spells              Type           Power      Damage    Failure   Level
a - Sting                 Tmut/Pois      100%       1d8       1%          1
b - Iskenderun's Mystic   Conj/Tloc      46%        2d10      1%          4
c - Mephitic Cloud        Conj/Pois/Air  49%        N/A       1%          3
d - Searing Ray           Conj           100%       2d8       1%          2
e - Olgreb's Toxic Radia  Pois           48%        N/A       1%          4
f - Frozen Ramparts       Ice            84%        1d10      1%          3
g - Ignite Poison         Fire/Tmut/Pois 41%        N/A       1%          3
h - Iskenderun's Battles  Conj           53%        2d10      1%          5
i - Blink                 Tloc           72%        N/A       1%          2
j - Hailstorm             Conj/Ice       48%        3d11      1%          4

Your spell library contained the following spells:

 Spells                   Type           Power      Damage    Failure   Level
 Fireball                 Conj/Fire      21%        3d10      2%          5
 Beastly Appendage        Tmut           88%        N/A       1%          1
 Foxfire                  Conj/Fire      100%       2x1d9     1%          1
 Freeze                   Ice            100%       1d11      1%          1
 Passwall                 Tmut/Erth      22%        N/A       1%          2
 Poisonous Vapours        Pois/Air       92%        N/A       1%          2
 Static Discharge         Conj/Air       49%        N/A       1%          2
 Wereblood                Tmut           44%        N/A       1%          2
 Conjure Flame            Conj/Fire      43%        6-21      1%          3
 Lesser Beckoning         Tloc           36%        N/A       1%          3
 Spider Form              Tmut/Pois      46%        N/A       1%          3
 Stone Arrow              Conj/Erth      66%        3d11      1%          3
 Swiftness                Air            43%        N/A       1%          3
 Flame Wave               Conj/Fire      43%        3d9       1%          4
 Sticky Flame             Conj/Fire      43%        2d6       1%          4
 Inner Flame              Hex/Fire       20%        N/A       2%          3
 Fulminant Prism          Conj/Hex       16%        3d11      2%          4
 Animate Skeleton         Necr           20%        N/A       7%          1
 Pain                     Necr           40%        1d6       7%          1
 Vampiric Draining        Necr           10%        2d6       21%         3
 Animate Armour           Summ/Erth      20%        N/A       56%         4
 Animate Dead             Necr           5%         N/A       56%         4
 Dispel Undead            Necr           10%        3d9       56%         4
 Leda's Liquefaction      Hex/Erth       5%         N/A       56%         4
 Manifold Assault         Tloc           36%        N/A       14%         5
 Lee's Rapid Deconstruct  Erth           5%         3d7*      41%         5
 Borgnjor's Vile Clutch   Necr/Erth      5%         N/A       88%         5
 Statue Form              Tmut/Erth      18%        N/A       90%         6
 Death Channel            Necr           5%         N/A       100%        6
 Malign Gateway           Summ/Tloc      11%        N/A       100%        7
 Lehudib's Crystal Spear  Conj/Erth      16%        10d5      100%        8
 Summon Horrible Things   Summ           5%         N/A       100%        8


Dungeon Overview and Level Annotations

Branches:
Dungeon (15/15)            Temple (0/1) D:7            Lair (6/6) D:9
  Swamp (0/4) Lair:2       Spider (2/4) Lair:2        Slime (1/5) Lair:5
    Orc (2/2) D:9             Elf (0/3) Orc:2        Vaults (0/5) D:13
 Depths (0/4) D:15        Ossuary (visited)          Bailey (visited)

Altars:
Dithmenos
Hepliaklqana
Kikubaaqudgha
Makhleb
Okawaru
Ru
Trog
Uskayaw
Vehumet
Beogh
Jiyva

Shops:
D:2 =[(   D:4 [   D:7 :   D:10 [!   D:14 [   Orc:2 ?(**

Annotations:
D:4 3 runed translucent doors, math4jedi's ghost, amateur MiBe
Lair:1 3 runed translucent doors, Epnefrie's ghost, journeyman DjFE; Foferoat's ghost, journeyman GnDe; Jamaujis's ghost, journeyman DsGl; Jukk's ghost, journeyman DECj


Innate Abilities, Weirdness & Mutations

Your demonic aura often causes spilled blood to erupt in flames.
You regenerate a little health from kills.
You are completely covered in razor-sharp scales. (AC +3, Slay +3)
You have a tail ending in a sharp stinger.


Message History

Unknown command.
Unknown command.
You closely miss the jumping spider.
The jumping spider is almost dead.
You kill the jumping spider!
Vehumet accepts your kill.
Unknown command.
Your toxic aura wanes.
You feel you are being watched by something.
You feel your power leaking away. Something hits you!
* * * LOW HITPOINT WARNING * * *
Deactivating autopickup; reactivate with Ctrl-A.
Something hits you.
* * * LOW HITPOINT WARNING * * *
Something stings you.
* * * LOW HITPOINT WARNING * * *
The orb spider weaves a glowing orb of energy.
The wavering orb of destruction weakly hits something!
Nothing appears to happen.
You kill the orb spider!
Vehumet accepts your kill.
You feel your power returning.
You feel you are being watched by something.
You feel your power leaking away. Something hits you!
* * * LOW HITPOINT WARNING * * *
Something hits you.
* * * LOW HITPOINT WARNING * * *
Something stings you.
* * * LOW HITPOINT WARNING * * *
You hear a hideous shriek!
Okay, then.
You are confused.
Your system rejects the healing.
You feel invigorated.
You hear an angry hiss.
Something closely misses you. Something hits you!
* * * LOW HITPOINT WARNING * * *
Something stings you.
You die...

..s.# #s .. ##
s.#.###.#s. .# .# ##
#s......# #.# .#
.####...#...## #..
#..##....s....##..
##.#.^##.[.#...##..#
#...##..##.#####§§#
†.#...#†..s††§§{§#
###.#..##.†#####@# #
#. #...^. #s# #
...#.#...○§§§§# .#
#...#...#.§#§## ...
#... ..#.##.#.
.####.#...##. . . .#
.# #. #s .. .. .. ..
. .. .#.


You could see a demonic crawler.

Vanquished Creatures
  Frances (D:13)
  Kirke (D:13)
  An orc warlord (Orc:1)
  An emperor scorpion (Spider:1)
  A stone giant (D:15)
  Azrael (D:14)
  A dire elephant (Lair:6)
  4 entropy weavers
  8 hydras
  A rakshasa (D:14)
  3 ogre magi
  7 boulder beetles
  A vault guard (D:13)
  A catoblepas (Lair:6)
  6 centaur warriors
  14 two-headed ogres
  4 tengu warriors (D:15)
  A deep troll shaman (Lair:6)
  An orc high priest (Orc:2)
  16 death yaks
  Sonja (Lair:5)
  2 deep trolls (Orc:2)
  2 bog bodies (Lair:2)
  2 orc knights
  A lindwurm (Lair:5)
  2 orc sorcerers
  A necromancer (Lair:5)
  12 wolf spiders
  7 ugly things
  5 orb spiders (Spider:2)
  A deep elf pyromancer (D:12)
  8 cyclopes
  3 manticores
  4 black mambas
  Joseph (D:9)
  13 elephants
  3 torpor snails
  7 cane toads
  A gargoyle (D:11)
  9 unseen horrors
  A komodo dragon (shapeshifter) (D:15)
  6 komodo dragons
  3 freezing wraiths
  7 demonic crawlers
  A kobold demonologist (D:9)
  A rime drake (Lair:6)
  An efreet (D:14)
  15 trolls
  3 polar bears
  3 meliai (D:14)
  12 jumping spiders
  4 hornets
  3 slime creatures (D:14)
  16 blink frogs
  2 dream sheep (Lair:6)
  20 redbacks
  14 tarantellas
  2 shadows (D:11)
  40 yaks
  2 wyverns (D:9)
  2 wraiths
  6 basilisks
  3 fire elementals (D:14)
  3 hogs (D:13)
  2 vampire mosquitoes (D:11)
  A steam dragon (D:9)
  2 wargs
  5 hell hounds (D:14)
  15 water moccasins
  23 orc warriors
  2 black bears (Lair:6)
  2 necrophages
  2 elephant zombies (Lair:5)
  26 ogres
  11 wolves
  5 boggarts (D:15)
  5 centaurs
  3 komodo dragon zombies (Lair:5)
  2 kobold brigands
  12 bullfrogs
  3 elf zombies (Ossuary)
  A gnoll sergeant (D:6)
  A scorpion (D:6)
  A wyvern zombie (D:5)
  39 killer bees
  5 howler monkeys (D:9)
  9 wights
  5 electric eels
  4 centaur zombies
  A hound (D:5)
  A centaur skeleton (D:6)
  A human zombie (Ossuary)
  9 orc priests
  A bullfrog skeleton (D:7)
  2 iguanas (D:6)
  12 orc wizards
  2 hell rats (Lair:3)
  A killer bee zombie (D:5)
  A hound skeleton (D:4)
  2 mummies (Ossuary)
  2 howler monkey zombies
  6 adders
  4 gnolls (D:6)
  9 river rats (Lair:3)
  2 white imps
  2 ufetubi
  An adder zombie (Ossuary)
  5 worms
  A dart slug (D:1)
  52 orcs
  8 bats
  7 endoplasms
  3 giant cockroaches
  11 goblins
  4 hobgoblins
  4 jackals (D:3)
  8 kobolds
  8 quokkas
  5 ball pythons
  3 frilled lizards
  2 goblin zombies (Ossuary)
  13 hobgoblin zombies (Ossuary)
  9 kobold zombies (Ossuary)
  4 orc zombies (Ossuary)
  8 rats
  2 rat zombies (Ossuary)
731 creatures vanquished.

Vanquished Creatures (collateral kills)
  A skeletal warrior (D:9)
1 creature vanquished.

Vanquished Creatures (others)
  3 humans (D:13)
  An electric eel (Lair:5)
  An orc wizard (D:5)
  2 bushes
  16 fungi
  69 plants
92 creatures vanquished.

Grand Total: 824 creatures vanquished

Notes
Turn   | Place    | Note
-------+----------+-------------------------------------------
     0 | D:1      | Zonian the Demonspawn Venom Mage began the quest for the
                  | Orb.
     0 | D:1      | Reached XP level 1. HP: 13/13 MP: 3/3
   636 | D:1      | Gained mutation: Your demonic aura sometimes causes spilled
                  | blood to erupt in flames. [demonic ancestry]
   636 | D:1      | Reached XP level 2. HP: 19/19 MP: 3/5
   863 | D:1      | Reached skill level 1 in Transmutations
   999 | D:1      | Found a faded altar of an unknown god.
  1116 | D:1      | Prayed at the altar of an unknown god.
  1116 | D:1      | Became a worshipper of Vehumet
  1116 | D:1      | Reached * piety under Vehumet
  1116 | D:1      | Offered knowledge of Shock by Vehumet.
  1120 | D:1      | Learned a level 2 spell: Poisonous Vapours
  2414 | D:2      | Gained mutation: You have a small tail. [demonic ancestry]
  2414 | D:2      | Reached XP level 3. HP: 20/24 MP: 1/7
  2794 | D:2      | Found Pinn's Weapon Shop.
  3890 | D:2      | Found Cex Qeoro's Antique Armour Boutique.
  3905 | D:2      | Found Dysmyiv's Jewellery Emporium.
  4053 | D:3      | Gained mutation: You have a tail ending in a sharp stinger.
                  | [demonic ancestry]
  4053 | D:3      | Reached XP level 4. HP: 29/30 MP: 4/8
  4783 | D:3      | Reached skill level 2 in Stealth
  6026 | D:3      | Learned a level 3 spell: Mephitic Cloud
  6661 | D:4      | Reached ** piety under Vehumet
  6672 | D:4      | Reached skill level 1 in Air Magic
  6672 | D:4      | Reached XP level 5. HP: 6/35 MP: 4/10
  6676 | D:4      | Offered knowledge of Searing Ray by Vehumet.
  7004 | D:3      | Learned a level 2 spell: Searing Ray
  7149 | D:4      | Found Plog's Armour Emporium.
  7245 | D:4      | Reached skill level 1 in Armour
  7519 | D:4      | Identified a scroll of acquirement
  7519 | D:4      | Acquired a +6 quick blade
  7635 | D:4      | Reached skill level 1 in Conjurations
  7786 | D:4      | Found a runed translucent gate.
  7788 | D:4      | Found a runed translucent gate.
  7788 | D:4      | Found a runed translucent gate.
  7789 | D:4      | Noticed math4jedi's ghost (amateur MiBe)
  8123 | D:5      | Entered Level 5 of the Dungeon
  8211 | D:5      | Found a sand-covered staircase.
  8217 | Ossuary  | Entered an ossuary
  8352 | Ossuary  | Offered knowledge of Stone Arrow by Vehumet.
  8370 | Ossuary  | Reached skill level 1 in Short Blades
  8453 | Ossuary  | Reached XP level 6. HP: 17/42 MP: 11/11
  8484 | Ossuary  | Reached *** piety under Vehumet
  8513 | Ossuary  | Reached skill level 1 in Fighting
  8591 | Ossuary  | Reached XP level 7. HP: 27/48 MP: 12/12
  8976 | D:5      | Offered knowledge of Conjure Flame by Vehumet.
  9865 | D:5      | Found an ancient bone altar of Kikubaaqudgha.
  9944 | D:5      | Reached skill level 3 in Stealth
 10071 | D:5      | Identified the ring "Lazol" {rN+ Str+3 Dex+4}
 10266 | D:2      | Bought a slimy leather armour for 161 gold pieces
 10266 | D:2      | Identified the +1 leather armour "Vonaxis" {rElec rF+
                  | Regen+} (You bought it in a shop on level 2 of the Dungeon)
 10654 | D:6      | Reached XP level 8. HP: 15/55 MP: 6/13
 11351 | D:6      | Reached **** piety under Vehumet
 12883 | D:7      | Noticed a boulder beetle
 12925 | D:7      | Found Zokic's Book Boutique.
 12931 | D:7      | Reached skill level 4 in Stealth
 13046 | D:6      | Killed a boulder beetle
 13047 | D:6      | Reached skill level 5 in Poison Magic
 13047 | D:6      | Gained mutation: You are partially covered in razor-sharp
                  | scales. (AC +1, Slay +1) [demonic ancestry]
 13047 | D:6      | Reached XP level 9. HP: 44/62 MP: 8/16
 13745 | D:7      | Offered knowledge of Hailstorm by Vehumet.
 14080 | D:7      | Found a staircase to the Ecumenical Temple.
 14414 | D:7      | Found a radiant altar of Vehumet.
 14414 | D:7      | Found a bloodstained altar of Trog.
 14424 | D:7      | Found a sacrificial altar of Ru.
 14427 | D:7      | Found a hazy altar of Hepliaklqana.
 14428 | D:7      | Found a shadowy altar of Dithmenos.
 14553 | D:8      | Reached skill level 5 in Stealth
 14679 | D:2      | Bought a pair of runed boots for 172 gold pieces
 15208 | D:8      | Reached skill level 5 in Spellcasting
 15621 | D:8      | Reached skill level 5 in Conjurations
 15900 | D:9      | Found a burning altar of Makhleb.
 15903 | D:9      | Gained mutation: You are mostly covered in razor-sharp
                  | scales. (AC +2, Slay +2) [demonic ancestry]
 15903 | D:9      | Reached XP level 10. HP: 70/70 MP: 17/17
 15989 | D:9      | Noticed a two-headed ogre
 15990 | D:9      | Reached skill level 5 in Air Magic
 16000 | D:9      | Killed a two-headed ogre
 16001 | D:9      | Reached skill level 6 in Stealth
 16030 | D:9      | Noticed a centaur warrior
 16034 | D:9      | Noticed a skeletal warrior
 16195 | D:9      | Upgraded the game from 0.28-a0-872-g80cf8599ee to
                  | 0.28-a0-883-gc8d7bad45d
 16216 | D:9      | Noticed a cyclops
 16218 | D:9      | Noticed a boulder beetle
 16259 | D:9      | Noticed a two-headed ogre
 16267 | D:9      | Killed a two-headed ogre
 16291 | D:9      | Noticed a cyclops
 16293 | D:9      | Killed a cyclops
 16294 | D:9      | Reached skill level 5 in Short Blades
 16350 | D:9      | Found a staircase to the Orcish Mines.
 16356 | D:9      | Killed a centaur warrior
 16357 | D:9      | Reached skill level 7 in Stealth
 16419 | D:9      | Learned a level 4 spell: Olgreb's Toxic Radiance
 16556 | D:9      | Noticed Joseph
 16574 | D:9      | Killed Joseph
 16784 | D:9      | Noticed a two-headed ogre
 16792 | D:9      | Killed a two-headed ogre
 16793 | D:9      | Gained mutation: You are completely covered in razor-sharp
                  | scales. (AC +3, Slay +3) [demonic ancestry]
 16793 | D:9      | Reached XP level 11. HP: 62/77 MP: 17/19
 16793 | D:9      | Noticed a centaur warrior
 16828 | D:9      | Killed a centaur warrior
 17977 | D:9      | Reached ***** piety under Vehumet
 18026 | D:9      | Killed a boulder beetle
 18027 | D:9      | Reached skill level 8 in Stealth
 18150 | D:9      | Learned a level 3 spell: Frozen Ramparts
 18192 | D:9      | Offered knowledge of Iskenderun's Battlesphere by Vehumet.
 18341 | D:9      | Learned a level 3 spell: Ignite Poison
 18443 | D:9      | Found a staircase to the Lair.
 18454 | Lair:1   | Entered Level 1 of the Lair of Beasts
 18517 | Lair:1   | Found a runed translucent gate.
 18517 | Lair:1   | Found a runed translucent gate.
 18518 | Lair:1   | Found a runed translucent gate.
 18518 | Lair:1   | Noticed Epnefrie's ghost (journeyman DjFE)
 18518 | Lair:1   | Noticed Jukk's ghost (journeyman DECj)
 18520 | Lair:1   | Noticed Foferoat's ghost (journeyman GnDe)
 18520 | Lair:1   | Noticed Jamaujis's ghost (journeyman DsGl)
 19714 | Lair:2   | Reached skill level 1 in Fire Magic
 19755 | Lair:2   | Reached skill level 1 in Ice Magic
 20105 | Lair:2   | Noticed a five-headed hydra
 20113 | Lair:2   | Killed a five-headed hydra
 20114 | Lair:2   | Reached XP level 12. HP: 73/84 MP: 14/21
 20323 | Lair:2   | Found a hole to the Spider Nest.
 20467 | Lair:2   | Found a staircase to the Swamp.
 20705 | Lair:3   | Acquired a book of Blasting
 20713 | Lair:3   | Learned a level 5 spell: Iskenderun's Battlesphere
 21071 | Lair:3   | Noticed a six-headed hydra
 21284 | Lair:3   | Noticed a four-headed hydra
 21371 | Lair:3   | Killed a six-headed hydra
 21372 | Lair:3   | Reached skill level 9 in Stealth
 22437 | Lair:4   | Noticed a four-headed hydra
 22584 | Lair:4   | Reached skill level 5 in Fighting
 22961 | Lair:4   | Found the +15 Maxwell's patent armour {-Cast -Tele rElec
                  | Will+ rCorr}
 23105 | Lair:4   | Offered knowledge of Eringya's Noxious Bog by Vehumet.
 23106 | Lair:4   | Reached skill level 1 in Shields
 23137 | Lair:4   | Noticed a death yak
 23141 | Lair:4   | Noticed a death yak
 23546 | Lair:5   | Noticed Sonja
 23555 | Lair:5   | Killed Sonja
 23807 | Lair:5   | Found a viscous altar of Jiyva.
 23809 | Lair:5   | Found a staircase to the Slime Pits.
 23811 | Lair:5   | Reached XP level 13. HP: 91/91 MP: 23/23
 25176 | Lair:5   | Learned a level 4 spell: Iskenderun's Mystic Blast
 25200 | Lair:6   | Entered Level 6 of the Lair of Beasts
 25366 | Lair:6   | Reached skill level 5 in Transmutations
 25577 | Slime:1  | Entered Level 1 of the Pits of Slime
 26957 | Lair:6   | Reached skill level 1 in Translocations
 27064 | Lair:6   | Noticed a dire elephant
 27285 | Lair:6   | Killed a dire elephant
 27615 | Lair:6   | Reached skill level 10 in Stealth
 27801 | Lair:6   | Reached skill level 5 in Ice Magic
 27821 | Lair:6   | Reached skill level 5 in Dodging
 28015 | Lair:6   | Offered knowledge of Irradiate by Vehumet.
 28016 | Lair:6   | Reached XP level 14. HP: 99/99 MP: 12/25
 28209 | Lair:6   | Learned a level 2 spell: Blink
 28655 | D:2      | Bought the amulet of Dajaroyq {RegenMP Contam rPois rF+
                  | rC++} for 661 gold pieces
 29305 | Lair:4   | Paralysed by a hornet for 2 turns
 30470 | D:10     | Entered Level 10 of the Dungeon
 30689 | D:10     | Found a hide-covered altar of Uskayaw.
 30901 | D:10     | Found Tigusustoi's Armour Boutique.
 30901 | D:10     | Found Ridgh's Distillery.
 30915 | D:10     | Bought 2 potions of curing for 96 gold pieces
 30915 | D:10     | Bought a potion of haste for 160 gold pieces
 30983 | D:10     | Identified the +5 rapier of Beogh's Supremacy {drain, rF+
                  | Int-3 Dex+4 Stlth+}
 32701 | D:13     | Found a flagged portal.
 32723 | Bailey   | Entered a bailey
 33132 | D:13     | Noticed Kirke
 33145 | D:13     | Killed Kirke
 33369 | D:13     | Noticed Frances
 33596 | D:13     | Killed Frances
 33970 | D:13     | Reached skill level 1 in Evocations
 34089 | D:13     | Found a gate to the Vaults.
 34347 | D:14     | Noticed Azrael
 34360 | D:14     | Killed Azrael
 34909 | D:14     | Reached skill level 11 in Stealth
 35216 | D:14     | Found Arogyn's Antique Armour Emporium.
 35221 | D:14     | Bought a pair of glowing gloves for 270 gold pieces
 35424 | D:14     | Gained mutation: Your demonic aura often causes spilled
                  | blood to erupt in flames. [demonic ancestry]
 35424 | D:14     | Reached XP level 15. HP: 70/106 MP: 27/27
 36186 | D:15     | Entered Level 15 of the Dungeon
 36186 | D:15     | Found the +2 robe of Vines {NoPotionHeal Regen+++}
 36552 | D:15     | Found an iron altar of Okawaru.
 37199 | D:15     | Found a staircase to the Depths.
 37513 | D:15     | Paralysed by something for 6 turns
 37813 | D:15     | Offered knowledge of Orb of Destruction by Vehumet.
 37815 | D:15     | Reached skill level 5 in Translocations
 38571 | Orc:1    | Entered Level 1 of the Orcish Mines
 38586 | Orc:1    | Noticed an orc warlord
 38614 | Orc:1    | Killed an orc warlord
 38703 | Orc:1    | Learned a level 4 spell: Hailstorm
 38847 | Orc:1    | Reached skill level 10 in Conjurations
 39091 | Orc:2    | Entered Level 2 of the Orcish Mines
 39151 | Orc:2    | Found Yplopot's Weapon Boutique.
 39160 | Orc:2    | Found a staircase to the Elven Halls.
 39163 | Orc:2    | Found Yhitast's General Store.
 39196 | Orc:2    | Found Umaokaxa's Magic Scroll Emporium.
 39204 | Orc:2    | Bought a scroll of fog for 36 gold pieces
 39204 | Orc:2    | Bought a scroll of teleportation for 54 gold pieces
 39206 | Orc:2    | Found Kaove's Assorted Antiques.
 39210 | Orc:2    | Bought a scroll of teleportation for 33 gold pieces
 39210 | Orc:2    | Bought a scroll of silence for 82 gold pieces
 39210 | Orc:2    | Bought a scroll of fog for 22 gold pieces
 39210 | Orc:2    | Bought a scroll of teleportation for 33 gold pieces
 39210 | Orc:2    | Bought a scroll of enchant armour for 82 gold pieces
 39210 | Orc:2    | Bought a scroll of brand weapon for 220 gold pieces
 39215 | Orc:2    | Bought a pitted falchion for 176 gold pieces
 39215 | Orc:2    | Identified the +1 falchion of Compound Interest {vorpal,
                  | rElec rN+ SInv} (You bought it in a shop on level 2 of the
                  | Orcish Mines)
 39215 | Orc:2    | Bought a wand of iceblast (10) for 88 gold pieces
 39714 | Spider:1 | Entered Level 1 of the Spider Nest
 39749 | Spider:1 | Offered knowledge of Fireball by Vehumet.
 40278 | Spider:1 | Gained mutation: You regenerate a little health from kills.
                  | [demonic ancestry]
 40278 | Spider:1 | Reached XP level 16. HP: 113/113 MP: 29/29
 40936 | Spider:2 | Reached skill level 12 in Stealth
 40999 | Spider:2 | Reached skill level 10 in Spellcasting
 41061 | Spider:2 | HP: 3/113 [something (11)]
 41061 | Spider:2 | Slain by a ghost moth

Illustrated notes

Levels and vault maps discovered:
D:1:      ncdulo_lavacross, layout_basic, hellmonk_ecumenical_altar_blasted,
          wander_ebering_terrifying_dragon_lair
D:2:      layout_loops_cross, serial_shops, nicolae_shop_trees, shop,
          nicolae_shop_trees
D:3:      layout_rooms, hex_medium, minmay_quantized
D:4:      layout_loops_ring, ebering_ghost_rock_garden, serial_shops, shop,
          hangedman_decor_lopped
D:5:      layout_cave_pools, nicolae_kikubaaqudgha_miasma_corner,
          nicolae_ossuary_entry_plus
D:6:      layout_basic
D:7:      layout_cave_pools, chequers_temple_overflow_minitemple,
          minmay_temple_entry_statues_pillars, serial_shops,
          nicolae_shop_waterfront
D:8:      layout_basic
D:9:      minmay_the_grid_four_pointed_star_mashed
          [minmay_the_grid_triangle_9x9_flanged_cone,
          minmay_the_grid_triangle_9x9_from_above,
          minmay_the_grid_triangle_9x9_impossible_snake,
          minmay_the_grid_triangle_9x9_pentomino_pain,
          minmay_the_grid_prize_four_corners], layout_stronghold,
          bloody_makhleb, orc_0_dummy, uniq_joseph
D:10:     layout_roguey, lemuel_tele_altar, nicolae_wooded_promenade,
          grunt_decor_one_mirror, serial_bayou_pond_d
D:11:     layout_loops_cross, serial_aquarium, aquarium_bridge_square
          [aquarium_subvault_bridge, aquarium_subvault_wall,
          aquarium_subvault_balcony, aquarium_subvault_bridge],
          aquarium_window_corridor_1, aquarium_window_2, aquarium_window_corner,
          aquarium_window_1, aquarium_view_2a, aquarium_balcony_3b
D:12:     layout_long_grid
D:13:     layout_loops_ring, david_vaults_5, enter_bailey_5, uniq_kirke,
          uniq_frances
D:14:     layout_basic, serial_shops, nicolae_shop_stone, minmay_hedge_maze,
          uniq_azrael
D:15:     grunt_enter_depths_snipers, layout_cave_pods, okawaru_trees_2,
          due_unseen_surprise
Lair:1:   layout_chaotic_city, gammafunk_ghost_cemetery,
          infiniplex_staircase_pool
Lair:2:   layout_chaotic_city, skrybe_swamp_entry_bodies, dummy_spider_entry
Lair:3:   layout_roguey, kennysheep_rathole
Lair:4:   cheibrodos_lair_overgrown_chateau, layout_gridlike, minmay_holes,
          dreamdust_deal_with_the_devil
Lair:5:   pond_and_an_island_with_a_cottage, layout_regular_city, slime_altar_1,
          uniq_sonja
Lair:6:   grunt_lair_end_beastmaster, layout_gridlike, st_stairs_8
Spider:1: layout_spider_delve
Spider:2: cheibrodos_spider_silkery, portal_ice_cave_entry_ugly_swarm,
          nicolae_spider_cling_halls
Slime:1:  layout_caves
Orc:1:    layout_caves, basic_altar
Orc:2:    st_orc_open, layout_caves

Skill      XL: |  1  2  3  4  5  6  7  8  9 10 11 12 13 14 15 16 |
---------------+-------------------------------------------------+-----
Transmutations | 1 2 3 4 5 6 7 8 |  8.0
Spellcasting   | 3 4 5 6 7 8 9 10 | 10.1
Stealth        | 2 3 4 5 7 8 9 10 11 12 | 12.2
Air Magic      | 1 2 4 5 6 7 |  7.8
Armour         | 1 2 3 4 |  4.4
Conjurations   | 1 2 4 5 6 7 8 9 10 | 10.6
Dodging        | 2 3 4 5 6 |  6.2
Short Blades   | 1 2 3 4 5 6 7 |  7.8
Fighting       | 1 2 3 4 5 6 |  6.7
Poison Magic   | 4 5 6 7 8 9 |  9.0
Fire Magic     | 2 3 4 |  4.8
Ice Magic      | 2 3 5 6 7 |  7.5
Shields        | 1 2 3 |  3.2
Translocations | 2 4 5 6 |  6.2
Evocations     | 1 |  1.1

Action                   |  1- 3 |  4- 6 |  7- 9 | 10-12 | 13-15 | 16-18 || total
-------------------------+-------+-------+-------+-------+-------+-------++-------
Melee: Unarmed           |    17 |       |       |       |       |       ||    17
       Dagger            |    18 |    65 |       |       |       |       ||    83
       Tailslap          |     3 |    13 |    20 |    96 |   172 |    26 ||   330
       Quick blade       |       |   145 |   179 |   462 |   814 |    99 ||  1699
       Scimitar          |       |       |       |       |     3 |       ||     3
Throw: Throwing net      |       |       |       |       |     1 |       ||     1
 Cast: Sting             |    77 |    84 |    35 |       |     1 |       ||   197
       Searing Ray       |       |       |    27 |     6 |    35 |     7 ||    75
       Mephitic Cloud    |       |       |    12 |    26 |    44 |     5 ||    87
       Poisonous Vapours |       |       |     7 |       |       |       ||     7
       Olgreb's Toxic Ra |       |       |       |    27 |   113 |    13 ||   153
       Frozen Ramparts   |       |       |       |     1 |    24 |     4 ||    29
       Iskenderun's Batt |       |       |       |       |     6 |     1 ||     7
       Ignite Poison     |       |       |       |       |     4 |     1 ||     5
       Iskenderun's Myst |       |       |       |       |    26 |    10 ||    36
       Blink             |       |       |       |       |     3 |     1 ||     4
Evoke: Wand              |       |       |       |     8 |    12 |     3 ||    23
       Condenser vane    |       |       |       |       |     1 |     1 ||     2
       Tin of tremorston |       |       |       |       |     2 |       ||     2
       Box of beasts     |       |       |       |       |     1 |       ||     1
  Use: Scroll            |     2 |    11 |     5 |    15 |    12 |     4 ||    49
       Potion            |       |     3 |     3 |     5 |     2 |     1 ||    14
 Stab: Sleeping          |     1 |     2 |     3 |     9 |    28 |     5 ||    48
       Invisible         |       |    10 |       |     2 |       |       ||    12
       Confused          |       |       |     8 |    15 |    23 |     5 ||    51
       Distracted        |       |       |     1 |     3 |       |       ||     4
       Paralysed         |       |       |       |     1 |       |       ||     1
Armor: Robe              |    11 |    11 |       |       |    66 |    47 ||   135
       Leather armour    |       |    60 |    67 |    94 |   119 |       ||   340
       Skin              |       |    14 |       |       |       |       ||    14
Dodge: Dodged            |    46 |   117 |   142 |   204 |   295 |    80 ||   884
Block: Buckler           |       |       |       |    42 |   166 |    57 ||   265

Table legend: (Time is in decaauts)
 A = Elapsed time spent in this place.
 B = Non-inter-level travel time spent in this place.
 C = Inter-level travel time spent in this place.
 D = Time resting spent in this place.
 E = Time spent auto-exploring this place.
 F = Levels seen in this place.
 G = Mean time per level.
                   A        B        C        D        E       F      G
               +--------+--------+--------+--------+--------+-----+--------+
         Total |  40191 |  37904 |   2287 |  17889 |  11244 |  28 | 1435.4 |
       Dungeon |  26054 |  24624 |   1430 |  12026 |   8042 |  15 | 1736.9 |
          Lair |  11602 |  10851 |    751 |   5227 |   2390 |   6 | 1933.7 |
   Spider Nest |    896 |    871 |     25 |    438 |    177 |   2 |  448.0 |
    Slime Pits |      1 |      1 |      0 |      0 |      0 |   1 |    1.0 |
  Orcish Mines |    967 |    888 |     79 |      9 |    635 |   2 |  483.5 |
       Ossuary |    385 |    385 |      0 |     47 |      0 |   1 |  385.0 |
        Bailey |    284 |    284 |      0 |    142 |      0 |   1 |  284.0 |
               +--------+--------+--------+--------+--------+-----+--------+

Top non-repeatable levels by time:
     D:6: 2791 daAuts
     D:3: 2742 daAuts
  Lair:6: 2742 daAuts
  Lair:4: 2725 daAuts
     D:9: 2518 daAuts
     D:1: 2392 daAuts
  Lair:5: 2378 daAuts
     D:2: 2333 daAuts
     D:5: 2051 daAuts
    D:15: 1909 daAuts
    D:14: 1908 daAuts
  Lair:2: 1385 daAuts
    D:13: 1366 daAuts
     D:4: 1361 daAuts
  Lair:1: 1354 daAuts
